 Dungeon Crawl Stone Soup version 0.19.5 (webtiles) character file.

415 Gargoyl the Skirmisher (level 6, -7/53 HPs)
             Began as a Ghoul Abyssal Knight on Mar 5, 2017.
             Was a Believer of Lugonu.
             Killed from afar by Dowan (13 damage)
             ... with a shard of ice
             ... on level 4 of the Dungeon.
             The game lasted 00:06:21 (2917 turns).

Gargoyl the Skirmisher (Ghoul Abyssal Knight)       Turns: 2917, Time: 00:06:22

Health: -7/53      AC: 10    Str: 16    XL:     6   Next: 91%
Magic:  7/7        EV:  7    Int:  7    God:    Lugonu [**....]
Gold:   189        SH:  4    Dex: 10    Spells: 0 memorised, 5 levels left

rFire  . . .     SeeInvis .     g - +2 hand axe (flame)
rCold  + . .     Gourm    .     q - +0 chain mail
rNeg   + + +     Faith    .     (no shield)
rPois  ∞         Spirit   .     (no helmet)
rElec  .         Reflect  +     (no cloak)
rCorr  .         Harm     .     (no gloves)
MR     .....                    j - +0 pair of boots
Stlth  ..........               m - +4 amulet of reflection
                                (no ring)
                                (no ring)

@: rotting
A: rotting body, claws 1, carnivore 3, cold resistance 1, negative energy
resistance 3, slow regeneration 1, torment resistance, unbreathing
a: Depart the Abyss, Bend Space, Renounce Religion


You were on level 4 of the Dungeon.
You worshipped Lugonu.
Lugonu was pleased with you.
You were not hungry.

You visited 1 branch of the dungeon, and saw 4 of its levels.
You visited the Abyss 1 time.

You collected 189 gold pieces.

Inventory:

Hand Weapons
 f - a +3 hand axe
 g - a +2 hand axe of flaming (weapon)
Missiles
 r - 13 tomahawks (quivered)
Armour
 j - a +0 pair of boots (worn)
 q - a +0 chain mail (worn)
Jewellery
 m - a +4 amulet of reflection (around neck)
Scrolls
 k - a scroll of identify
 l - a scroll of recharging
 p - a scroll of remove curse
Potions
 b - 2 potions of cancellation
 c - 2 potions of heal wounds
 d - 3 potions of haste
 e - 4 potions of might {unknown}
 n - a potion of agility {unknown}
 o - a potion of resistance {unknown}
Comestibles
 h - a royal jelly
 i - 2 beef jerkies


   Skills:
 + Level 4.4 Fighting
 + Level 3.6 Axes
 * Level 4.0 Armour
 + Level 1.4 Dodging
 * Level 3.6 Invocations


You had 5 spell levels left.
You didn't know any spells.

Dungeon Overview and Level Annotations

Branches:
Dungeon (4/15)
 Temple: D:4-7

Altars:
Cheibriados
Dithmenos
Elyvilon
Fedhas
Kikubaaqudgha
Nemelex Xobeh
Sif Muna

Annotations:
D:3 exclusion: oklob plant
D:4 Dowan


Innate Abilities, Weirdness & Mutations

Your body is rotting away.
You thrive on raw meat.
You are immune to poison.
You have sharp fingernails.
You are carnivorous and can eat meat at any time.
Your flesh is cold resistant. (rC+)
You are immune to negative energy. (rN+++)
You regenerate slowly when monsters are visible.
You are immune to unholy pain and torment.
You can survive without breathing.


Message History

Eat one of 2 chunks of flesh? (ye/n/q)
You start eating one of the 2 chunks of flesh.
Dowan hits you but does no damage.
Dowan hits you with a dagger of electrocution.
You are electrocuted!
* * * LOW HITPOINT WARNING * * *
This raw flesh tastes great!
Eat a chunk of flesh? (ye/n/q)
You start eating the chunk of flesh.
You block Dowan's attack.
This raw flesh tastes great!
You closely miss Dowan.
Dowan is moderately wounded.
Dowan barely misses you. Dowan hits you but does no damage.
You are electrocuted!
* * * LOW HITPOINT WARNING * * *
You closely miss Dowan.
Dowan is moderately wounded.
Dowan gestures at you while chanting. The shard of ice hits you!
You partially resist.
You die...

.# #..# ... ....... ...... #.##
...# ......$##.... #.#. .....
=...... ....## #.#. .....
.......##....# #.#. ......
.............#.# #...
......#................. ##..#
..........?........?##.######...#
......#........)@....#..##[....##
?....... ......e.....##........#
......# ...>.#.#.##...###...###
......# ##.. #.#......##..#..#
#...# ## .............#...# ....#
##.####.....#.#.#..# .)..#### ..
#...........#<. )).....# ###
#.######....### #......# #..
##.....


You could see Dowan.

Vanquished Creatures
  Duvessa (D:4)
  The ghost of moxian the Digger, an amateur DgEE (D:3)
  A centaur skeleton (D:4)
  An orc wizard (D:3)
  2 worker ants (D:4)
  An iguana (D:3)
  An adder (D:2)
  A shadow imp (D:4)
  An ooze (D:3)
  3 worms
  A dart slug (D:3)
  11 orcs
  4 giant cockroaches
  6 goblins
  5 hobgoblins
  4 jackals (D:2)
  A quokka (D:4)
  3 ball pythons
  8 bats
  5 frilled lizards
  4 kobolds
  8 rats
73 creatures vanquished.

Notes
Turn   | Place    | Note
-------+----------+-------------------------------------------
     0 | Abyss:1  | Gargoyl the Ghoul Abyssal Knight began the quest for the Orb.
     0 | Abyss:1  | Reached XP level 1. HP: 19/19 MP: 1/1
     4 | Abyss:1  | Found a corrupted altar of Lugonu.
   100 | Abyss:1  | Noticed a quasit
   116 | D:1      | Escaped the Abyss
   130 | D:1      | Reached * piety under Lugonu
   259 | D:1      | Reached XP level 2. HP: 25/26 MP: 2/2
   804 | D:2      | Found a shadowy altar of Dithmenos.
   847 | D:2      | Reached skill level 1 in Dodging
   847 | D:2      | Reached XP level 3. HP: 19/33 MP: 3/3
   910 | D:2      | Found a sparkling altar of Nemelex Xobeh.
   913 | D:2      | Found a white marble altar of Elyvilon.
   919 | D:2      | Found an ancient bone altar of Kikubaaqudgha.
  1669 | D:3      | Reached ** piety under Lugonu
  1669 | D:3      | Reached XP level 4. HP: 40/40 MP: 4/4
  1684 | D:3      | Noticed moxian's ghost (amateur DgEE)
  1695 | D:3      | Killed moxian's ghost
  1695 | D:3      | Reached XP level 5. HP: 36/46 MP: 4/6
  1981 | D:3      | Found a deep blue altar of Sif Muna.
  2086 | D:3      | Found a blossoming altar of Fedhas.
  2106 | D:3      | Noticed an oklob plant
  2673 | D:4      | Reached XP level 6. HP: 44/52 MP: 7/7
  2779 | D:4      | Found a snail-covered altar of Cheibriados.
  2900 | D:4      | Noticed Dowan
  2901 | D:4      | Noticed Duvessa
  2913 | D:4      | Killed Duvessa
  2914 | D:4      | HP: 2/53 [Dowan/dagger of electrocution (15)]
  2917 | D:4      | Killed from afar by Dowan

Skill      XL: |  1  2  3  4  5  6 |
---------------+-------------------+-----
Axes           | 2 3 |  3.6
Armour         | 2 3 4 |  4.0
Dodging        | 1 |  1.4
Fighting       | 4 |  4.4
Invocations    | 3 |  3.6

Action                   |  1- 3 |  4- 6 || total
-------------------------+-------+-------++-------
Melee: Hand axe          |   105 |   131 ||   236
Invok: Depart the Abyss  |     1 |       ||     1
  Use: Scroll            |     8 |     2 ||    10
  Eat: Chunk             |    19 |    24 ||    43
       Meat ration       |     1 |       ||     1
Armor: Leather armour    |    10 |       ||    10
       Scale mail        |    52 |     6 ||    58
       Chain mail        |       |    75 ||    75
Dodge: Dodged            |    68 |    42 ||   110
Block: Other             |       |    33 ||    33
       Reflection        |       |     3 ||     3
